[Event "Titled Tuesday Blitz January 10 Late 2023"]
[White "Mekhane, Adam"]
[Black "Kabilov, Amin"]
[WhiteFideId "36050601"]
[BlackFideId "14700859"]
[WhiteElo "2280"]
[BlackElo "2207"]
[Result "1-0"]
[Round "02"]
[TimeControl "180+2"]
[Date "2023.01.10"]
[WhiteClock "0:00:07"]
[BlackClock "0:00:01"]

1. b3 e5 2. Bb2 Nc6 3. e3 a6 4. Nf3 d6 5. d4 exd4 6. Nxd4 Nxd4 7. Qxd4 Nf6 8. Nc3 Be7 9. Be2 b5 10. O-O-O Be6 11. Bf3 Rb8 12. g4 c5 13. Qd2 b4 14. Nd5 Bxd5 15. Bxd5 O-O 16. Rhg1 Nd7 17. g5 Bxg5 18. Bc6 Bf6 19. Bxd7 Bxb2+ 20. Kxb2 Qxd7 21. Qxd6 Qf5 22. f4 g6 23. Rd5 Qe4 24. Re5 Qf3 25. Rd1 c4 26. bxc4 Rfc8 27. Qd5 Qe2 28. Rd2 Qe1 29. Re7 Rf8 30. Rd7 Rbc8 31. c5 Qxe3 32. Qd4 Qxd4+ 33. R2xd4 Rxc5 34. Rxb4 Rfc8 35. c3 Rxc3 36. Rd8+ Rxd8 37. Kxc3 Ra8 38. Rb6 a5 39. a4 Kg7 40. Kd4 Rd8+ 41. Kc4 Ra8 42. Kb5 h5 43. Ra6 Rd8 44. Kxa5 Rd4 45. Rb6 Rxf4 46. Rb4 Rf5+ 47. Kb6 h4 48. Rxh4 Rf1 49. a5 Rb1+ 50. Ka7 Ra1 51. a6 f5 52. Kb7 Kf6 53. a7 g5 54. Rb4 Ke5 55. Kb6 Rxa7 56. Kxa7 f4 57. Rb5+ Kf6 58. Kb6 g4 59. Kc5 g3 60. hxg3 fxg3 61. Kd4 g2 62. Rb1 Kg5 63. Ke3 Kg4 64. Kf2 Kh3 65. Kg1 Kg3 66. Rb2 1-0


[Site "https://www.chess.com"]

[Event "Titled Tuesday Blitz January 10 Late 2023"]
[White "Peatman, Carter"]
[Black "Osmonbekov, Talaibek"]
[WhiteFideId "2096480"]
[BlackFideId "2017253"]
[WhiteElo "1998"]
[BlackElo "2137"]
[Result "0-1"]
[Round "02"]
[TimeControl "180+2"]
[Date "2023.01.10"]
[WhiteClock "0:00:02"]
[BlackClock "0:00:07"]

1. d4 e6 2. Bf4 f5 3. e3 Nf6 4. Nf3 g6 5. h3 Bg7 6. c4 O-O 7. Nc3 d6 8. Bh2 Qe7 9. Be2 Nc6 10. O-O Nd8 11. b4 Nf7 12. c5 e5 13. Rc1 e4 14. Nd2 d5 15. b5 g5 16. Qb3 Be6 17. a4 Bh6 18. Rfe1 f4 19. b6 axb6 20. cxb6 c6 21. Ra1 Kh8 22. a5 Rg8 23. a6 fxe3 24. fxe3 g4 25. Nf1 gxh3 26. g3 bxa6 27. Rxa6 Rxa6 28. Bxa6 Ng5 29. Be2 Bg4 30. b7 Rb8 31. Rb1 Bxe2 32. Nxe2 Nf3+ 33. Kh1 Ng4 34. Bg1 Qf7 35. Nf4 Bxf4 36. exf4 Nxg1 37. Kxg1 Qg7 38. Nh2 Qxd4+ 39. Kh1 Nf2+ 40. Kg1 Nd3+ 41. Kh1 Qf2 42. Rg1 Qxf4 43. Qc3+ Qe5 44. Qd2 Rxb7 45. Ng4 Qg7 46. Nf2 Rb2 47. Qe3 Nxf2+ 48. Kh2 Ng4+ 49. Kxh3 Nxe3 50. Rf1 Qh6# 0-1


[Site "https://www.chess.com"]

[Event "Titled Tuesday Blitz January 10 Late 2023"]
[White "Le Goff, Ronan"]
[Black "Sailer, Mike"]
[WhiteFideId "612073"]
[BlackFideId "2012901"]
[WhiteElo "2320"]
[BlackElo "2109"]
[Result "1-0"]
[Round "02"]
[TimeControl "180+2"]
[Date "2023.01.10"]
[WhiteClock "0:00:54"]
[BlackClock "0:00:04"]

1. d4 d5 2. c4 Bf5 3. cxd5 Bxb1 4. Qa4+ Qd7 5. Qxd7+ Nxd7 6. Rxb1 Ngf6 7. e3 Nb6 8. a3 Nbxd5 9. Bd2 a5 10. Ne2 e6 11. Rc1 c6 12. Nc3 Nxc3 13. Bxc3 Ne4 14. a4 Nxc3 15. bxc3 Kd7 16. Rb1 Kc7 17. Be2 Bd6 18. Kd2 e5 19. Rb3 exd4 20. cxd4 Bb4+ 21. Kc2 f5 22. h4 g6 23. h5 g5 24. g3 h6 25. Rd3 Rad8 26. Rhd1 Rhf8 27. d5 Rxd5 28. Rxd5 cxd5 29. Rxd5 Rf6 30. Kb3 f4 31. gxf4 gxf4 32. e4 Rd6 33. Rf5 Rd2 34. Rf7+ Kd6 35. Bc4 Rxf2 36. Rxb7 Ke5 37. Bd5 f3 38. Kc4 Rh2 39. Rf7 Rxh5 40. Rxf3 Rg5 41. Rh3 h5 42. Kd3 Be1 43. Rh1 Bg3 44. Bb3 h4 45. Bd1 Rg7 46. Bf3 Rd7+ 47. Ke2 Rd4 48. Rb1 Rxa4 49. Rb5+ Kd4 50. Rd5+ Kc4 51. Rh5 Ra2+ 52. Ke3 Ra3+ 53. Ke2 Ra2+ 54. Ke3 Bf2+ 55. Kf4 a4 56. e5 Bg3+ 57. Kf5 a3 58. e6 Ra1 59. e7 Rf1 60. e8=Q Rxf3+ 61. Kg4 Rf4+ 62. Kh3 Rd4 63. Qb5+ Kc3 64. Rc5+ Kd2 65. Qa5+ Ke3 66. Qxa3+ Rd3 67. Rc3 Rxc3 68. Qxc3+ Kf4 69. Qd4+ Kf3 70. Qd3+ Kf4 71. Qe2 Kf5 72. Qf3+ Ke5 73. Kg4 Kd4 74. Kf5 Kc4 75. Ke4 Kc5 76. Qd3 Kc6 77. Kf5 Kc5 78. Ke6 Kb4 79. Kd5 1-0


[Site "https://www.chess.com"]

[Event "Titled Tuesday Blitz January 10 Late 2023"]
[White "Urquhart, Ed"]
[Black "Simonovic, Miroslav"]
[WhiteFideId "2603748"]
[BlackFideId "919152"]
[WhiteElo "2209"]
[BlackElo "2082"]
[Result "1-0"]
[Round "02"]
[TimeControl "180+2"]
[Date "2023.01.10"]
[WhiteClock "0:00:15"]
[BlackClock "0:00:18"]

1. e4 c5 2. Nc3 Nc6 3. f4 g6 4. Nf3 Bg7 5. a3 e5 6. Bc4 Nge7 7. d3 O-O 8. O-O d6 9. Qe1 Nd4 10. fxe5 Nxc2 11. Qh4 Nxa1 12. Bg5 Be6 13. Bxe7 Qd7 14. Bxe6 fxe6 15. Bxf8 Rxf8 16. Rxa1 dxe5 17. Rd1 b6 18. Qg3 Kh8 19. h4 a6 20. Kh1 Qc7 21. Ng5 Rf6 22. Qg4 Qe7 23. Nf3 Rf4 24. Qg3 Bf6 25. Ne2 Bxh4 26. Qh3 Rxf3 27. Qxf3 Kg7 28. Ng1 Bg5 29. Nh3 Bh6 30. Rf1 b5 31. Qe2 Qc7 32. Qc2 Be3 33. Rf3 Bd4 34. b4 c4 35. dxc4 bxc4 36. Ng5 Qc6 37. Rf7+ Kg8 38. Rxh7 c3 39. Rh3 Qc4 40. Kh2 Qf1 41. Rf3 Qg1+ 42. Kg3 Qe1+ 43. Kg4 Qh1 44. Nh3 Qe1 45. Qd3 Qd2 46. Qxd2 cxd2 47. Rd3 Be3 48. Kf3 Bh6 49. Ke2 Kf7 50. Rxd2 Bxd2 51. Kxd2 Kf6 52. Ke3 g5 53. Kf3 Kg6 54. Kg4 Kf6 55. a4 Ke7 56. b5 Kd6 57. bxa6 Kc6 58. Kxg5 Kb6 59. Kf6 Kxa6 60. Kxe5 Ka5 61. Kxe6 Kxa4 62. e5 Kb5 63. g4 Kc5 64. g5 Kd4 65. g6 Ke4 66. g7 Kf3 67. g8=Q Ke4 68. Qg6+ Kd4 69. Qg4+ Ke3 70. Ng5 Kd3 71. Kf6 Ke3 72. e6 Kd3 73. e7 Ke3 74. e8=Q+ Kf2 75. Qee2# 1-0


[Site "https://www.chess.com"]

[Event "Titled Tuesday Blitz January 10 Late 2023"]
[White "Delaere, Jeroen"]
[Black "Kuznecovs, Nikita"]
[WhiteFideId "204129"]
[BlackFideId "11604557"]
[WhiteElo "2104"]
[BlackElo "2287"]
[Result "1-0"]
[Round "02"]
[TimeControl "180+2"]
[Date "2023.01.10"]
[WhiteClock "0:00:52"]
[BlackClock "0:00:30"]

1. c4 f5 2. g3 e5 3. Nc3 Nf6 4. d3 Nc6 5. Bg2 g6 6. e3 Bg7 7. Nge2 O-O 8. O-O d6 9. Rb1 a5 10. b3 g5 11. d4 e4 12. f3 exf3 13. Bxf3 h5 14. Nd5 h4 15. gxh4 g4 16. Bg2 Nxd5 17. cxd5 Ne7 18. Nf4 Kh7 19. h3 Bh6 20. hxg4 fxg4 21. Qd3+ Bf5 22. e4 Bxf4 23. Bxf4 Bg6 24. Qg3 Qd7 25. Rbe1 Rae8 26. h5 Bxh5 27. Qh4 1-0


[Site "https://www.chess.com"]

[Event "Titled Tuesday Blitz January 10 Late 2023"]
[White "Kovacevic, Radmila"]
[Black "Novikov, Evgenij"]
[WhiteFideId "933171"]
[BlackFideId "4125380"]
[WhiteElo "2106"]
[BlackElo "2276"]
[Result "0-1"]
[Round "02"]
[TimeControl "180+2"]
[Date "2023.01.10"]
[WhiteClock "0:00:03"]
[BlackClock "0:00:06"]

1. e4 c6 2. d4 d5 3. e5 Bf5 4. Be3 e6 5. c3 Nd7 6. Nd2 Rc8 7. b4 Ne7 8. g4 Bg6 9. Bg2 h5 10. h3 hxg4 11. hxg4 Rxh1 12. Bxh1 b6 13. Ne2 c5 14. Nf4 Bh7 15. Qa4 cxd4 16. Bxd4 Nc6 17. Ne2 Bd3 18. Nf3 b5 19. Qd1 Be4 20. a4 Bxf3 21. Bxf3 Ncxe5 22. Bg2 a6 23. axb5 axb5 24. Ra5 Rb8 25. Qd2 Nc4 26. Qd3 Nxa5 27. bxa5 Qxa5 28. g5 g6 29. Qe3 Qa1+ 30. Kd2 b4 31. Bxd5 bxc3+ 32. Bxc3 Bb4 33. Bxe6 Bxc3+ 34. Nxc3 Qb2+ 35. Kd3 fxe6 36. Qxe6+ Kd8 37. Qg8+ Kc7 38. Qc4+ Kb7 39. Qd5+ Kc8 40. Qc4+ Kd8 41. Qg8+ Ke7 42. Qg7+ Kd6 43. Qxg6+ Kc7 44. Nd5+ Kb7 45. Qd6 Qb5+ 46. Kd2 Qa5+ 47. Kd1 Qa4+ 48. Kd2 Qc6 49. Qb4+ Nb6 50. Ne7 Qd7+ 0-1


[Site "https://www.chess.com"]

[Event "Titled Tuesday Blitz January 10 Late 2023"]
[White "Goncalves, Davi Sulzbacher"]
[Black "Michalski, Olaf"]
[WhiteFideId "2154510"]
[BlackFideId "1106740"]
[WhiteElo "2282"]
[BlackElo "2273"]
[Result "1-0"]
[Round "02"]
[TimeControl "180+2"]
[Date "2023.01.10"]
[WhiteClock "0:01:07"]
[BlackClock "0:00:01"]

1. Nf3 d6 2. d4 g6 3. e4 Bg7 4. Be2 Bg4 5. h3 Bxf3 6. Bxf3 Nd7 7. Be3 e5 8. d5 f5 9. c4 Ngf6 10. Nc3 O-O 11. Qc2 Nc5 12. Bxc5 fxe4 13. Nxe4 Nxe4 14. Bxe4 dxc5 15. h4 Qd6 16. h5 Rf6 17. f3 Raf8 18. g4 Rxf3 19. Bxf3 Rxf3 20. O-O-O Bh6+ 21. Kb1 Bf4 22. hxg6 hxg6 23. Qa4 Kg7 24. Qe8 Qf8 25. Rh7+ 1-0


[Site "https://www.chess.com"]

[Event "Titled Tuesday Blitz January 10 Late 2023"]
[White "Kho, Darrell"]
[Black "Arencibia Monduy, Antonio"]
[WhiteFideId "1019317"]
[BlackFideId "3507939"]
[WhiteElo "2075"]
[BlackElo "2122"]
[Result "0-1"]
[Round "02"]
[TimeControl "180+2"]
[Date "2023.01.10"]
[WhiteClock "0:00:47"]
[BlackClock "0:01:04"]

1. e4 d6 2. d4 c6 3. Nc3 g6 4. f4 Bg7 5. Nf3 Qc7 6. Be3 Bg4 7. h3 Bxf3 8. Qxf3 Nd7 9. Bd3 e6 10. f5 exf5 11. exf5 O-O-O 12. O-O-O Ngf6 13. g4 Nb6 14. g5 Nfd5 15. Nxd5 Nxd5 16. f6 Bf8 17. c3 Nxe3 18. Qxe3 d5 19. h4 Bd6 20. Kb1 Rhe8 21. Qf3 Re6 22. h5 Rde8 23. hxg6 hxg6 24. Rh7 Re3 25. Qg4+ Kb8 26. Bxg6 Qb6 27. Bxf7 Re2 28. b3 Qa5 29. a4 Qxc3 0-1


[Site "https://www.chess.com"]

[Event "Titled Tuesday Blitz January 10 Late 2023"]
[White "Tsukerman, Julia"]
[Black "Arenas, David"]
[WhiteFideId "2621649"]
[BlackFideId "4403177"]
[WhiteElo "1741"]
[BlackElo "2426"]
[Result "0-1"]
[Round "02"]
[TimeControl "180+2"]
[Date "2023.01.10"]
[WhiteClock "0:00:07"]
[BlackClock "0:01:30"]

1. e4 c5 2. Nf3 d6 3. d4 Nf6 4. Nc3 cxd4 5. Nxd4 g6 6. f4 Nc6 7. Nf3 Bg7 8. Bd3 O-O 9. O-O e5 10. fxe5 dxe5 11. Kh1 h6 12. Be3 Be6 13. Qe2 a6 14. Rad1 Qc7 15. Qd2 Ng4 16. Bg1 b5 17. h3 Nf6 18. Be3 Kh7 19. a3 Nh5 20. Qf2 Nd4 21. Ne2 Rad8 22. Ng3 Nf4 23. Nxd4 Nxd3 24. Rxd3 exd4 25. Bf4 Qc8 26. Kh2 Bc4 27. Rfd1 Bxd3 28. Rxd3 Qe6 29. b3 Be5 0-1


[Site "https://www.chess.com"]

[Event "Titled Tuesday Blitz January 10 Late 2023"]
[White "Thomas, Anysia"]
[Black "Andrews, Todd"]
[WhiteFideId "670472"]
[BlackFideId "2012456"]
[WhiteElo "2147"]
[BlackElo "2220"]
[Result "0-1"]
[Round "02"]
[TimeControl "180+2"]
[Date "2023.01.10"]
[WhiteClock "0:00:03"]
[BlackClock "0:01:05"]

1. d4 Nf6 2. c4 c5 3. d5 b5 4. cxb5 a6 5. bxa6 g6 6. Nc3 Bg7 7. e4 O-O 8. Nf3 Qa5 9. Bd2 Bxa6 10. Be2 Qb4 11. Bxa6 Nxa6 12. Qc2 Qc4 13. Qb3 Qd3 14. Ne5 Qd4 15. Nf3 Qb4 16. O-O c4 17. Qc2 Nc5 18. Ne2 Qa4 19. b3 cxb3 20. Qxc5 Nxe4 21. Qxe7 Nxd2 22. Nxd2 Bxa1 23. Nxb3 Bg7 24. Ng3 Qxa2 25. Nc5 Rfe8 26. Qxd7 Bd4 27. Nb7 Re1 28. Nd6 Qxf2+ 0-1


[Site "https://www.chess.com"]

[Event "Titled Tuesday Blitz January 10 Late 2023"]
[White "Sivakumar, Shaaketh"]
[Black "Adel, Sara"]
[WhiteFideId "30940176"]
[BlackFideId "10616764"]
[WhiteElo "2337"]
[BlackElo "1739"]
[Result "1-0"]
[Round "02"]
[TimeControl "180+2"]
[Date "2023.01.10"]
[WhiteClock "0:01:55"]
[BlackClock "0:02:01"]

1. e4 c6 2. d4 d5 3. e5 Bf5 4. h4 h5 5. Nf3 e6 6. c4 dxc4 7. Bxc4 c5 8. Nc3 Nc6 9. d5 exd5 10. Nxd5 Nge7 11. Bg5 Qa5+ 12. Bd2 Qd8 13. Bc3 Nxd5 14. Bxd5 Be7 15. Qb3 O-O 16. O-O-O Qb6 17. Ng5 Bxg5+ 18. hxg5 Qxb3 19. Bxb3 g6 20. f3 Rfe8 21. g4 hxg4 22. e6 Nd4 23. exf7+ Kf8 24. Rh8+ 1-0


[Site "https://www.chess.com"]

[Event "Titled Tuesday Blitz January 10 Late 2023"]
[White "Winkels, Marcel"]
[Black "Novikova, Galina"]
[WhiteFideId "1003887"]
[BlackFideId "4157095"]
[WhiteElo "1960"]
[BlackElo "2073"]
[Result "1-0"]
[Round "02"]
[TimeControl "180+2"]
[Date "2023.01.10"]
[WhiteClock "0:01:05"]
[BlackClock "0:00:04"]

1. d4 e6 2. Nc3 f5 3. Bf4 Nf6 4. e3 Be7 5. h3 O-O 6. Nf3 d6 7. Bd3 Nc6 8. O-O Qe8 9. e4 fxe4 10. Nxe4 Nxe4 11. Bxe4 Rxf4 12. Re1 Bd7 13. d5 Ne5 14. dxe6 Bxe6 15. Nd4 Bf7 16. Bxb7 Rb8 17. Be4 Qa4 18. b3 Qb4 19. g3 Rf6 20. f4 Ng6 21. Kg2 Bf8 22. Nc6 Qb6 23. Nxb8 Qxb8 24. c4 Qb6 25. Qd2 c6 26. Rad1 Qc5 27. Bf3 Kh8 28. Re2 h6 29. Rde1 a5 30. h4 Qf5 31. h5 Ne7 32. Rxe7 Bxe7 33. Rxe7 Re6 34. Rxe6 Qxe6 35. Bxc6 Bxh5 36. Bd5 Qf6 37. Qe1 Qb2+ 38. Qf2 Qf6 39. Qe3 Bg4 40. Qe8+ Kh7 41. Bg8+ Kh8 42. Bf7+ Kh7 43. Qg8# 1-0


[Site "https://www.chess.com"]

[Event "Titled Tuesday Blitz January 10 Late 2023"]
[White "Dudzinski, Pawel"]
[Black "Aung Thant Zin"]
[WhiteFideId "1117890"]
[BlackFideId "13000063"]
[WhiteElo "2186"]
[BlackElo "2268"]
[Result "1-0"]
[Round "02"]
[TimeControl "180+2"]
[Date "2023.01.10"]
[WhiteClock "0:02:17"]
[BlackClock "0:01:27"]

1. e4 c5 2. Nc3 a6 3. a4 Nc6 4. g3 e6 5. Bg2 Nf6 6. Nge2 d6 7. h3 Be7 8. d4 cxd4 9. Nxd4 Bd7 10. Be3 Nxd4 11. Bxd4 Bc6 12. O-O O-O 13. a5 Qc8 14. Qd2 Rd8 15. Bb6 Rd7 16. Rad1 d5 17. e5 Ne4 18. Nxe4 dxe4 19. Qe3 Rxd1 20. Rxd1 f5 21. exf6 Bxf6 22. Bxe4 Bxb2 23. Rd8+ Qxd8 24. Bxd8 Rxd8 25. Bxc6 1-0


[Site "https://www.chess.com"]

[Event "Titled Tuesday Blitz January 10 Late 2023"]
[White "Mitrovic, Darko R"]
[Black "Remolar Gallen, Jose"]
[WhiteFideId "927023"]
[BlackFideId "2215187"]
[WhiteElo "2220"]
[BlackElo "2285"]
[Result "0-1"]
[Round "02"]
[TimeControl "180+2"]
[Date "2023.01.10"]
[WhiteClock "0:00:02"]
[BlackClock "0:00:02"]

1. d4 Nf6 2. Nf3 d6 3. g3 g6 4. Bg2 Bg7 5. O-O O-O 6. c4 Ne4 7. Nbd2 Nxd2 8. Bxd2 Nd7 9. Bc3 Nf6 10. d5 c6 11. dxc6 bxc6 12. Nd4 Bd7 13. Nxc6 Qe8 14. Nd4 Qc8 15. b3 Rb8 16. Rc1 Qa6 17. Qd2 Rfc8 18. Rfd1 h5 19. e3 Bh6 20. h4 Bg4 21. Bf3 Nd7 22. Bxg4 hxg4 23. Ne2 Ne5 24. Bxe5 dxe5 25. Nc3 Rd8 26. Qxd8+ Rxd8 27. Rxd8+ Kg7 28. Rd2 Qb6 29. Nd5 Qa5 30. Rcd1 e6 31. b4 Qa3 32. Nc7 Qxb4 33. Rd7 Qxc4 34. Ne8+ Kf8 35. Nf6 Qxa2 36. Rd8+ Kg7 37. Ne8+ Kh7 38. Nf6+ Kg7 39. Ne8+ Kh8 40. Nf6+ Bf8 41. Rxf8+ Kg7 42. Nd7 Qa3 43. Rd8 a5 0-1


[Site "https://www.chess.com"]

[Event "Titled Tuesday Blitz January 10 Late 2023"]
[White "Rengifo Blancas, Renzo Jhonathan"]
[Black "ritanovikova"]
[WhiteFideId "3807185"]
[WhiteElo "2131"]
[BlackElo "2115"]
[Result "0-1"]
[Round "02"]
[TimeControl "180+2"]
[Date "2023.01.10"]
[WhiteClock "0:01:13"]
[BlackClock "0:00:54"]

1. e4 d5 2. exd5 Qxd5 3. Nc3 Qd6 4. Bc4 Nf6 5. d4 a6 6. Nf3 Bg4 7. h3 Bh5 8. g4 Bg6 9. Ne5 Nc6 10. Bf4 Nxe5 11. dxe5 Qxd1+ 12. Rxd1 Ne4 13. Nd5 O-O-O 14. e6 Nd6 15. Bb3 Be4 16. O-O h5 17. Ne3 hxg4 18. exf7 Rxh3 19. Ng2 Kb8 20. Be6 Bf3 21. Rd3 g5 22. Bxg5 Bg7 23. Bxe7 Rdh8 24. f8=R+ Bxf8 25. Bh4 R8xh4 26. Nxh4 Rh1# 0-1


[Site "https://www.chess.com"]

[Event "Titled Tuesday Blitz January 10 Late 2023"]
[White "Szyszylo, Rafal"]
[Black "Souza, Gustavo Horokoski De"]
[WhiteFideId "1109626"]
[BlackFideId "2146584"]
[WhiteElo "2091"]
[BlackElo "1943"]
[Result "1-0"]
[Round "02"]
[TimeControl "180+2"]
[Date "2023.01.10"]
[WhiteClock "0:00:27"]
[BlackClock "0:00:59"]

1. e4 e6 2. d4 d5 3. e5 c5 4. c3 Nc6 5. Nf3 Nge7 6. Na3 cxd4 7. cxd4 Qb6 8. Nc2 Nf5 9. g4 Nfe7 10. h4 Bd7 11. Bd3 Rc8 12. h5 Nb4 13. Nxb4 Qxb4+ 14. Kf1 Nc6 15. Be2 h6 16. a3 Qb6 17. b4 a5 18. b5 Nb8 19. a4 Bb4 20. Kg2 Ke7 21. g5 hxg5 22. Bxg5+ f6 23. Be3 Be8 24. Nh4 Bf7 25. Ng6+ Bxg6 26. hxg6 Nd7 27. exf6+ Nxf6 28. Bg5 Bc3 29. Rxh8 Rxh8 30. Rc1 Bxd4 31. Qc2 Be5 32. Be3 d4 33. Bg5 Rh2+ 34. Kg1 Rxf2 35. Kxf2 d3+ 36. Qc5+ Qxc5+ 37. Rxc5 dxe2 38. Rxe5 e1=Q+ 39. Rxe1 Kd6 40. Bxf6 1-0


[Site "https://www.chess.com"]

[Event "Titled Tuesday Blitz January 10 Late 2023"]
[White "Marcolino, Daniel Mattos"]
[Black "Lopez Gracia, Fernando"]
[WhiteFideId "2106841"]
[BlackFideId "2207184"]
[WhiteElo "2006"]
[BlackElo "2255"]
[Result "0-1"]
[Round "02"]
[TimeControl "180+2"]
[Date "2023.01.10"]
[WhiteClock "0:01:33"]
[BlackClock "0:00:39"]

1. d4 Nf6 2. Nf3 e6 3. g3 b5 4. Bg2 Bb7 5. O-O c5 6. Bg5 h6 7. Bxf6 Qxf6 8. c3 d5 9. a4 a6 10. axb5 axb5 11. Rxa8 Bxa8 12. dxc5 Bxc5 13. Qd3 Bc6 14. Nbd2 O-O 15. Nb3 Bb6 16. Nbd4 Rc8 17. Nxc6 Nxc6 18. Qxb5 Bd8 19. Ra1 Qe7 20. Ra6 Qc7 21. e3 Bf6 22. h4 Ne7 23. Qa4 Rb8 24. Ra7 Qd8 25. Qa3 Nc6 26. Bf1 Nxa7 27. Qxa7 Rxb2 28. c4 dxc4 29. Bxc4 Qd1+ 30. Kg2 Qc2 0-1


[Site "https://www.chess.com"]

[Event "Titled Tuesday Blitz January 10 Late 2023"]
[White "Almedina Ortiz, Edgardo J."]
[Black "Bon, Michael"]
[WhiteFideId "3100197"]
[BlackFideId "620696"]
[WhiteElo "2156"]
[BlackElo "2394"]
[Result "0-1"]
[Round "02"]
[TimeControl "180+2"]
[Date "2023.01.10"]
[WhiteClock "0:00:03"]
[BlackClock "0:00:32"]

1. d4 d5 2. Bf4 c5 3. e3 Nc6 4. Nf3 Nf6 5. Nbd2 Nh5 6. c3 Nxf4 7. exf4 cxd4 8. cxd4 Qb6 9. Qb3 e6 10. Bb5 Bd6 11. Ne5 O-O 12. Bxc6 bxc6 13. Qxb6 axb6 14. Nxc6 Ba6 15. Ne5 Rfc8 16. Kd1 f6 17. Nef3 Bd3 18. Ne1 Bb5 19. g3 Ra4 20. Ndf3 Rac4 21. a3 g5 22. fxg5 fxg5 23. Nd3 g4 24. Nfe1 Rxd4 25. Kd2 e5 26. Ke3 Bf8 27. Nxe5 Re4+ 28. Kd2 Bh6+ 0-1


[Site "https://www.chess.com"]

[Event "Titled Tuesday Blitz January 10 Late 2023"]
[White "Savic, Miroslav"]
[Black "Gracia Alvarez, Gerardo Antonio"]
[WhiteFideId "14508494"]
[BlackFideId "5109124"]
[WhiteElo "2167"]
[BlackElo "2238"]
[Result "0-1"]
[Round "02"]
[TimeControl "180+2"]
[Date "2023.01.10"]
[WhiteClock "0:00:05"]
[BlackClock "0:00:06"]

1. Nf3 d5 2. d4 c5 3. c4 e6 4. Nc3 cxd4 5. Nxd4 e5 6. Nf3 d4 7. Nd5 Nc6 8. e3 Nf6 9. exd4 Nxd5 10. cxd5 Qxd5 11. dxe5 Bb4+ 12. Bd2 Qe4+ 13. Be2 O-O 14. Bxb4 Qxb4+ 15. Qd2 Qxd2+ 16. Kxd2 Rd8+ 17. Ke3 Bg4 18. Rhd1 Bxf3 19. Bxf3 Nxe5 20. Bxb7 Rab8 21. Rxd8+ Rxd8 22. Rc1 g6 23. Rc8 Rxc8 24. Bxc8 Nc4+ 25. Kd4 Nxb2 26. Bd7 Kf8 27. Bb5 Ke7 28. f3 Kd6 29. Kc3 Nd1+ 30. Kd2 Nb2 31. Kc2 Kc5 32. a4 Nc4 33. Kd3 Nd6 34. Bd7 Kb4 35. Kd4 Nc4 36. Be8 f6 37. Bf7 Nb6 0-1


[Site "https://www.chess.com"]

[Event "Titled Tuesday Blitz January 10 Late 2023"]
[White "Forgacs, Attila Jr."]
[Black "Dias, Joao Batista"]
[WhiteFideId "773654"]
[BlackFideId "2108240"]
[WhiteElo "2264"]
[BlackElo "1796"]
[Result "1/2-1/2"]
[Round "02"]
[TimeControl "180+2"]
[Date "2023.01.10"]
[WhiteClock "0:00:34"]
[BlackClock "0:01:49"]

1. e4 e5 2. Nf3 Nc6 3. Bb5 Nd4 4. Nxd4 exd4 5. O-O c6 6. Ba4 b5 7. Bb3 a5 8. a4 b4 9. d3 d6 10. f4 Be6 11. Bxe6 fxe6 12. e5 Ne7 13. Nd2 Nf5 14. Nf3 d5 15. g4 Ne3 16. Bxe3 dxe3 17. d4 c5 18. Qe2 cxd4 19. Nxd4 Qb6 20. Qxe3 Bc5 21. Rad1 O-O 22. Kh1 g6 23. f5 Bxd4 24. Qxd4 Qxd4 25. Rxd4 gxf5 26. gxf5 Rxf5 27. Rxf5 exf5 28. Rxd5 Kf7 29. Kg2 Ke6 30. Rb5 Rc8 31. Rxa5 Rxc2+ 32. Kg3 Rxb2 33. Rb5 b3 34. h4 h5 35. a5 Rb1 36. a6 b2 37. Kg2 Ra1 38. Rxb2 Rxa6 39. Rb5 Ra3 40. Rb6+ Kxe5 41. Rh6 Ra2+ 42. Kf3 Ra3+ 43. Kg2 Ra2+ 44. Kf3 Ra3+ 45. Kg2 1/2-1/2


[Site "https://www.chess.com"]

[Event "Titled Tuesday Blitz January 10 Late 2023"]
[White "Kalaiyalahan, Akshaya"]
[Black "Bozorov, Makhsum"]
[WhiteFideId "422894"]
[BlackFideId "14201330"]
[WhiteElo "2155"]
[BlackElo "2145"]
[Result "0-1"]
[Round "02"]
[TimeControl "180+2"]
[Date "2023.01.10"]
[WhiteClock "0:00:05"]
[BlackClock "0:00:09"]

1. e4 e5 2. g3 Nf6 3. Bg2 Nc6 4. Nc3 Bc5 5. Nf3 d6 6. O-O h6 7. d3 Be6 8. Na4 Bb6 9. Nxb6 axb6 10. b3 Qd7 11. Bb2 Bh3 12. d4 Bxg2 13. Kxg2 exd4 14. Nxd4 Nxd4 15. Bxd4 Qe7 16. Re1 O-O 17. Qf3 Nd7 18. e5 dxe5 19. Qxb7 Qd6 20. Bb2 Nc5 21. Qf3 f6 22. Rad1 Qe7 23. Qd5+ Qf7 24. Qxf7+ Rxf7 25. a4 Rd7 26. Ba3 Rxd1 27. Rxd1 Ne6 28. Rd7 Rd8 29. Re7 Ng5 30. Rxc7 Rd2 31. Bb4 Rd4 32. Bc3 Rd1 33. h4 Ne4 34. Kf3 Nc5 35. Bb4 Ne6 36. Rc8+ Kf7 37. Ke2 Rc1 38. a5 bxa5 39. Bxa5 Nd4+ 40. Kd3 Rd1+ 41. Kc3 Rc1 42. Kb2 Rf1 43. Rc7+ Kg6 44. b4 Rxf2 45. b5 Nxb5 46. h5+ Kxh5 47. Rxg7 Nd4 48. Rc7 Kg4 49. Kc1 Rg2 50. c4 Nb3+ 0-1


[Site "https://www.chess.com"]

[Event "Titled Tuesday Blitz January 10 Late 2023"]
[White "Becerra, Juan David"]
[Black "MunichMouse"]
[WhiteFideId "4404998"]
[WhiteElo "2382"]
[BlackElo "1993"]
[Result "1-0"]
[Round "02"]
[TimeControl "180+2"]
[Date "2023.01.10"]
[WhiteClock "0:02:16"]
[BlackClock "0:00:02"]

1. e4 c5 2. d4 cxd4 3. c3 dxc3 4. Nxc3 e6 5. Bf4 Bc5 6. e5 Qb6 7. Qd2 Nc6 8. Nf3 Nge7 9. Bd3 h6 10. h4 Nb4 11. Be4 Qa6 12. a3 Rb8 13. O-O-O Nbc6 14. Bd3 Qa5 15. Ne4 Qxd2+ 16. Rxd2 Bb6 17. Nd6+ Kf8 18. Be4 f6 19. h5 fxe5 20. Nxe5 Nxe5 21. Bxe5 Nc6 22. Bc3 Ke7 23. Bxg7 Rg8 24. Bxh6 Nd4 25. Nxc8+ Rbxc8+ 26. Kb1 Nb3 27. Rdd1 Nc5 28. Bf3 d5 29. Be3 Kd6 30. h6 e5 31. Rxd5+ Ke6 32. h7 Rh8 33. Rh6+ Kf5 34. g4# 1-0


[Site "https://www.chess.com"]

[Event "Titled Tuesday Blitz January 10 Late 2023"]
[White "Yashmetov, Mikhail"]
[Black "Curtis, John"]
[WhiteFideId "24198900"]
[BlackFideId "3200256"]
[WhiteElo "2323"]
[BlackElo "2292"]
[Result "1-0"]
[Round "02"]
[TimeControl "180+2"]
[Date "2023.01.10"]
[WhiteClock "0:02:43"]
[BlackClock "0:01:00"]

1. d4 Nf6 2. c4 g6 3. g3 Bg7 4. Bg2 O-O 5. Nf3 d6 6. O-O Nbd7 7. Nc3 e5 8. dxe5 dxe5 9. Qd2 c6 10. Qc2 Re8 11. e4 Nc5 12. Rd1 Qc7 13. Be3 Ne6 14. h3 h5 15. Rd2 Bf8 16. Rad1 Bc5 17. Bxc5 Nxc5 18. b4 Ne6 19. c5 Kg7 20. Na4 Bd7 21. Nb2 Rad8 22. Nc4 Nd4 23. Nxd4 exd4 24. Rxd4 Be6 25. Nd6 Rf8 26. Qd2 Nh7 27. Nf5+ Bxf5 28. Rxd8 Rxd8 29. Qxd8 Qxd8 30. Rxd8 Be6 31. Rb8 Bxa2 32. Rxb7 a6 33. Rb6 1-0


[Site "https://www.chess.com"]

[Event "Titled Tuesday Blitz January 10 Late 2023"]
[White "Haszon, David"]
[Black "Arbunic Castro, Giovanna"]
[WhiteFideId "733610"]
[BlackFideId "3400549"]
[WhiteElo "2264"]
[BlackElo "1930"]
[Result "1-0"]
[Round "02"]
[TimeControl "180+2"]
[Date "2023.01.10"]
[WhiteClock "0:01:56"]
[BlackClock "0:02:01"]

1. d4 Nf6 2. Bf4 g6 3. Nc3 Bg7 4. Qd2 d6 5. h4 h5 6. O-O-O Nbd7 7. e4 c5 8. dxc5 Nxc5 9. e5 Nfe4 10. Nxe4 Nxe4 11. Qe3 d5 12. f3 Qa5 13. fxe4 Qxa2 14. Bb5+ Kf8 15. Qa3 Qxa3 16. bxa3 dxe4 17. Rd8# 1-0


[Site "https://www.chess.com"]